details: 'NE vs UD'

« prev index next »

General information

Mini Map

Players

team 1
NightElfZe.Rath3isaFaig (purple | 106 APM | 2465 actions | 23:20)
Hero icon 5 Demon Hunter
Ability icon 2 Mana Burn
Ability icon 3 Evasion
Hero icon 6 Dark Ranger
Ability icon 2 Black Arrow
Ability icon 3 Silence
Ability icon 1 Charm

» actions
Assign group hotkey41
Basic commands540
Build / train95
Enter build submenu20
Enter hero's abilities submenu11
Give item / drop item3
Right click762
Select / deselect600
Select group hotkey308
Use ability84
2465 total
» units
Wisp21
Archer12
Forest Troll Shadow Priest3
Druid of the Talon6
Faerie Dragon1
Druid of the Claw3
Chimaera6
Dryad3
Hippogryph2
57 total
» upgrades
Improved Bows1
Strength of the Wild2
Marksmanship1
Druid of the Claw Training2
Reinforced Hides2
Abolish Magic1
9 total
» buildings
Moon Well6
Altar of Elders1
Ancient of War2
Tree of Ages2
Ancient of Wonders1
Ancient of Wind2
Tree of Eternity1
Hunter's Hall1
Ancient of Lore2
Chimaera Roost1
Tree of Life1
20 total
» build order
00:08 Moon Well
00:22 Altar of Elders
00:49 Ancient of War
01:28 Moon Well
01:54 Ancient of War
03:08 Tree of Ages
03:08 Tree of Ages
03:24 Moon Well
04:38 Ancient of Wonders
04:59 Moon Well
05:33 Ancient of Wind
07:38 Tree of Eternity
07:56 Hunter's Hall
09:35 Ancient of Lore
12:16 Chimaera Roost
13:15 Tree of Life
18:19 Moon Well
19:08 Moon Well
20:18 Ancient of Wind
20:37 Ancient of Lore
» items
Scroll of Town Portal2
Anti-magic Potion2
Potion of Healing3
Orb of Venom1
8 total
team 2
Undeadflaw_Less (orange | 80 APM | 1866 actions | 23:17)
Hero icon 5 Death Knight
Ability icon 3 Death Coil
Ability icon 2 Unholy Aura
Hero icon 5 Lich
Ability icon 3 Frost Nova
Ability icon 2 Dark Ritual

» actions
Assign group hotkey24
Basic commands3
Build / train82
Enter build submenu18
Enter hero's abilities submenu10
Give item / drop item6
Remove unit from queue2
Right click803
Select / deselect355
Select group hotkey503
Use ability60
1866 total
» units
Acolyte7
Ghoul24
Crypt Fiend7
Abomination4
Gargoyle6
48 total
» upgrades
Creature Attack3
Unholy Armor2
Ghoul Frenzy1
Web1
Disease Cloud1
8 total
» buildings
Crypt2
Altar of Darkness1
Ziggurat6
Tomb of Relics1
Nerubian Tower1
Graveyard1
Halls of the Dead1
Spirit Tower1
Black Citadel1
Slaughterhouse1
Necropolis1
17 total
» build order
00:05 Crypt
00:08 Altar of Darkness
00:23 Ziggurat
01:01 Ziggurat
01:18 Tomb of Relics
01:57 Nerubian Tower
03:12 Graveyard
03:53 Halls of the Dead
04:20 Ziggurat
04:40 Spirit Tower
07:36 Black Citadel
08:49 Slaughterhouse
09:05 Ziggurat
09:08 Ziggurat
12:11 Ziggurat
13:23 Necropolis
18:06 Crypt
» items
Potion of Mana2
Potion of Healing1
Orb of Corruption1
Scroll of Healing2
Scroll of Town Portal1
Scroll of Protection1
8 total